 Dungeon Crawl Stone Soup version 0.31-a0-631-g285b096dc4 (webtiles) character file.

Game seed: 1641005670568627205

136 inmateoo the Covered (level 4, 0/41 HPs)
             Began as a Minotaur Fighter on Aug 26, 2023.
             Slain by Crazy Yiuf
             ... wielding a +3 quarterstaff of chaos
              (3 damage)
             ... on level 3 of the Dungeon.
             The game lasted 00:02:29 (2245 turns).

inmateoo the Covered (Minotaur Fighter)             Turns: 2245, Time: 00:02:30

Health: 0/41       AC:  9    Str: 23    XL:     4   Next: 98%
Magic:  3/3        EV:  9    Int:  5    God:
Gold:   8          SH:  5    Dex: 15    Spells: 3/3 levels left

rFire   + . .        a - +0 war axe
rCold   + . .        c - +0 buckler
rNeg    . . .        q - +0 chain mail
rPois   +            (helmet restricted)
rElec   +            (no cloak)
rCorr   +            (no gloves)
SInv    .            (no boots)
Will    .....        (no amulet) Stlth
                     l - +6 ring of dexterity
HPRegen 0.26/turn    (no ring)
MPRegen 0.08/turn

%: no passive effects
@: mighty, resistant
A: horns 2, retaliatory headbutt
a: no special abilities


You were on level 3 of the Dungeon.
You visited 1 branch of the dungeon, and saw 3 of its levels.

You collected 153 gold pieces.
You spent 145 gold pieces at shops.

Inventory:

Hand Weapons
 a - a +0 war axe (weapon)
Armour
 c - a +0 buckler (worn)
 q - a +0 chain mail (worn)
Jewellery
 l - a +6 ring of dexterity (left hand)
Wands
 b - a wand of charming (5)
Scrolls
 f - a scroll of immolation
 i - 2 scrolls of poison
 j - a scroll of blinking
 k - a scroll of teleportation
Potions
 e - 2 potions of brilliance
 g - a potion of curing
 p - a potion of mutation


   Skills:
 + Level 4.3 Fighting
 * Level 4.1 Axes
 + Level 4.3 Armour
 + Level 1.7 Dodging
 + Level 4.2 Shields


You had 3 spell levels left.
You didn't know any spells.
Your spell library contained the following spells:

 Spells                   Type           Power      Damage    Failure   Level
 Blink                    Tloc           0%         N/A       99%         2
 Manifold Assault         Tloc           0%         N/A       100%        4


Dungeon Overview and Level Annotations

Branches:
Dungeon (3/15)

Altars:

Shops:
D:3 ?

Annotations:
D:3 Crazy Yiuf


Innate Abilities, Weirdness & Mutations

You have a pair of horns on your head.
You reflexively headbutt those who attack you in melee.


Message History

Crazy Yiuf hits you with a +3 quarterstaff of chaos.
You are poisoned.
You slash Crazy Yiuf! Your headbutt misses Crazy Yiuf.
Crazy Yiuf is moderately wounded.
You feel sick. You block Crazy Yiuf's attack.
You are too injured to fight recklessly!
You feel better.
Crazy Yiuf laughs, "Adder sing-song tea!"
Crazy Yiuf hits you with a +3 quarterstaff of chaos.
Crazy Yiuf burns you.
You closely miss Crazy Yiuf.
Crazy Yiuf is moderately wounded.
Crazy Yiuf cries, "Hah sing-song mumblescurry!"
Crazy Yiuf hits you with a +3 quarterstaff of chaos.
Crazy Yiuf freezes you.
* * * LOW HITPOINT WARNING * * *
Crazy Yiuf barely misses you.
You hit Crazy Yiuf.
Crazy Yiuf is heavily wounded.
Crazy Yiuf barely misses you.
You feel very mighty all of a sudden.
Crazy Yiuf hits you with a +3 quarterstaff of chaos!
* * * LOW HITPOINT WARNING * * *
Crazy Yiuf burns you.
* * * LOW HITPOINT WARNING * * *
You closely miss Crazy Yiuf.
Crazy Yiuf is heavily wounded.
Crazy Yiuf says, "Buddy mumblescurry arga!"
Crazy Yiuf hits you but does no damage.
You feel protected.
You hit Crazy Yiuf.
Crazy Yiuf is almost dead.
You block Crazy Yiuf's attack. Crazy Yiuf completely misses you.
You barely miss Crazy Yiuf.
Crazy Yiuf is severely wounded.
Crazy Yiuf closely misses you.
You completely miss Crazy Yiuf.
Crazy Yiuf is severely wounded.
Crazy Yiuf hits you with a +3 quarterstaff of chaos.
You die...

#.# #######.#####.# #.##.#.# ##
#.# #..........##<# #.......
.###.###.#####.##.##.# #..#.#.#
........## ######### #......#
.#.....## ##.#....
###...######### #.#####
##.###....#.###**### #.#
####.##......#..##...# #.#
####........####@g...# #.#
####+.#....## ###..)# #.#
###...###### **### #.# .......##
#.## ##.#....# #..###
.#.#....###################....##
.#.#.....'...........)...)....#..
∩#.#.....####...#.#########..###.
##.#....## ##.##.# ##..#.#


You could see Crazy Yiuf.

Vanquished Creatures
  4 adders
  3 worms (D:2)
  5 dart slugs
  7 orcs (D:3)
  6 ball pythons
  8 bats
  8 endoplasms
  3 giant cockroaches
  4 goblins
  4 hobgoblins
  5 quokkas
  2 frilled lizards
  6 kobolds
  4 rats
69 creatures vanquished.

Notes
Turn   | Place    | Note
-------+----------+-------------------------------------------
     0 | D:1      | inmateoo the Minotaur Fighter began the quest for the Orb.
     0 | D:1      | Reached XP level 1. HP: 19/19 MP: 0/0
   244 | D:1      | Reached XP level 2. HP: 27/27 MP: 1/1
   520 | D:1      | Reached skill level 1 in Dodging
   534 | D:1      | Reached XP level 3. HP: 32/33 MP: 2/2
   861 | D:2      | Reached XP level 4. HP: 31/40 MP: 3/3
  2200 | D:3      | Found Fuvauxti's Magic Scroll Shoppe.
  2203 | D:3      | Bought a scroll of blinking for 75 gold pieces
  2203 | D:3      | Bought a scroll of teleportation for 30 gold pieces
  2203 | D:3      | Bought a scroll of identify for 20 gold pieces
  2203 | D:3      | Bought a scroll of identify for 20 gold pieces
  2230 | D:3      | Found a runed translucent door.
  2231 | D:3      | Noticed Crazy Yiuf
  2241 | D:3      | HP: 1/41 [Crazy Yiuf/+3 quarterstaff of chaos (3)]
  2245 | D:3      | Slain by Crazy Yiuf

Illustrated notes

Levels and vault maps discovered:
D:1:      spicycebolla_green_bress_n_ham_2, layout_basic
D:2:      layout_loops_ring, minmay_quadrilaterals
D:3:      layout_loops_corners, serial_shops, nicolae_shop_rolled_up,
          small_statue_intersection, uniq_crazy_yiuf_cottage

Skill      XL: |  1  2  3  4 |
---------------+-------------+-----
Axes           | 3 4 |  4.1
Dodging        | 1 |  1.7
Shields        | 4 |  4.2
Armour         | 4 |  4.3
Fighting       | 4 |  4.3

Action                     |  1- 3 |  4- 6 || total
---------------------------+-------+-------++-------
  Melee: War axe           |    80 |    73 ||   153
         Headbutt          |    10 |     8 ||    18
    Use: Scroll            |       |    13 ||    13
         Potion            |       |     2 ||     2
 Armour: Scale mail        |    48 |    12 ||    60
         Chain mail        |       |    14 ||    14
  Dodge: Dodged            |    37 |    28 ||    65
  Block: Buckler           |    26 |    15 ||    41

Table legend: (Time is in decaauts)
 A = Elapsed time spent in this place.
 B = Non-inter-level travel time spent in this place.
 C = Inter-level travel time spent in this place.
 D = Time resting spent in this place.
 E = Time spent auto-exploring this place.
 F = Levels seen in this place.
 G = Mean time per level.
                   A        B        C        D        E       F      G
               +--------+--------+--------+--------+--------+-----+--------+
         Total |   2299 |   2184 |    115 |    163 |   1481 |   3 |  766.3 |
       Dungeon |   2299 |   2184 |    115 |    163 |   1481 |   3 |  766.3 |
               +--------+--------+--------+--------+--------+-----+--------+

Top non-repeatable levels by time:
     D:2: 821 daAuts
     D:3: 755 daAuts
     D:1: 723 daAuts
